 Dungeon Crawl Stone Soup version 0.20.1-1-g8b1a95d (webtiles) character file.

499 Ladykiller69 the Conjurer (level 6, -4/32 HPs)
             Began as a Deep Elf Conjurer on July 9, 2017.
             Killed from afar by an orc wizard (6 damage)
             ... with a puff of flame
             ... on level 5 of the Dungeon.
             The game lasted 00:10:53 (3904 turns).

Ladykiller69 the Conjurer (Deep Elf Conjurer)       Turns: 3904, Time: 00:10:55

Health: -4/32      AC:  2    Str:  5    XL:     6   Next: 94%
Magic:  3/16       EV: 15    Int: 22    God:
Gold:   231        SH:  0    Dex: 15    Spells: 2/16 levels left

rFire    . . .     SeeInvis .   (no weapon)
rCold    . . .     Gourm    .   (no shield)
rNeg     . . .     Faith    .   a - +0 robe
rPois    .         Spirit   .   (no helmet)
rElec    .         Reflect  .   (no cloak)
rCorr    .         Harm     .   (no gloves)
MR       .....                  (no boots)
Stlth    ++........             (no amulet)
Regen    0.1/turn               (no ring)
MPRegen  0.2/turn               (no ring)

@: no status effects
A: no striking features
a: no special abilities


You were on level 5 of the Dungeon.
You were near starving.

You visited 1 branch of the dungeon, and saw 5 of its levels.

You collected 231 gold pieces.

Inventory:

Armour
 a - a +0 robe (worn)
Jewellery
 p - a cursed amulet of inaccuracy {unknown}
 r - an uncursed amulet of rage {unknown}
Scrolls
 d - 2 scrolls of identify
 e - a scroll of immolation {unknown}
 h - a scroll of amnesia
 k - 4 scrolls of magic mapping
 l - a scroll of recharging {unknown}
 n - a scroll of teleportation {unknown}
Potions
 i - a potion of curing {unknown}
 j - a potion of flight {unknown}
 m - 2 potions of heal wounds
 o - 2 potions of resistance {unknown}
 q - a potion of mutation {unknown}
Books
 b - a book of Conjurations

   Spells                             Type                      Level
   a - Magic Dart                     Conjuration                  1
   b - Searing Ray                    Conjuration                  2
   c - Dazzling Spray                 Conjuration/Hexes            3
   d - Fulminant Prism                Conjuration/Hexes            4
   e - Force Lance                    Conjuration/Translocation    4
   f - Iskenderun's Mystic Blast      Conjuration                  4
Comestibles
 c - 3 bread rations
 f - 4 meat rations
 g - 6 fruits


   Skills:
 + Level 4.6 Dodging
 - Level 3.0 Stealth
 + Level 5.5 Spellcasting
 * Level 6.7 Conjurations
 + Level 2.7 Hexes


You had 2 spell levels left.
You knew the following spells:

 Your Spells              Type           Power        Failure   Level  Hunger
a - Magic Dart            Conj           ####         1%          1    None
b - Searing Ray           Conj           #####.       1%          2    None
c - Dazzling Spray        Conj/Hex       ####..       4%          3    ##.....
d - Fulminant Prism       Conj/Hex       ####......   14%         4    ####...
e - Iskenderun's Mystic   Conj           #####...     6%          4    ####...


Dungeon Overview and Level Annotations

Branches:
Dungeon (5/15)
 Temple: D:4-7

Altars:
Elyvilon
Yredelemnul

Shops:
D:5 [

Annotations:
D:5 Ijyb; Ladykiller69's ghost, amateur DEVM


Message History

* * * LOW HITPOINT WARNING * * *
You are near starving!
As you read the scroll labeled OKIVVADULO, it crumbles to dust.
It is a scroll of identify.
k - 4 scrolls of magic mapping You hear some strange, mumbled words.
A magic dart appears from out of thin air!
The magic dart hits you!
* * * LOW HITPOINT WARNING * * *
As you read the scroll labeled MIABAMNABU, it crumbles to dust.
It is a scroll of amnesia.
Forget which spell ([?*] list [ESC] exit)?
Forget which spell ([?*] list [ESC] exit)?
You don't know that spell.
Forget which spell ([?*] list [ESC] exit)?
Okay, then.
You hear some strange, mumbled words.
A puff of flame appears from out of thin air!
The puff of flame hits you!
You die...

#.#.....#.# .####..###.
#.........# #..####
#####..#### #...... ##.#
#..#### ###o# ###..####
####..g###########......##
#.......#.............#.##
#.##.##{#.................
# #.##.#@####........#..#
#......................
####.#.####.......###)#
#.#.# ##......# #.# ..#..
......### #.#
############### #.# #..
##. #.


There were no monsters in sight!

Vanquished Creatures
  A sky beast (D:5)
  A centaur (D:5)
  A scorpion (D:5)
  A howler monkey (D:4)
  2 worker ants
  2 gnolls (D:4)
  A howler monkey skeleton (D:5)
  7 adders
  An ooze (D:1)
  5 worms
  2 dart slugs (D:1)
  2 leopard geckos
  5 orcs
  2 ball pythons (D:3)
  A giant cockroach (D:3)
  7 goblins
  7 hobgoblins
  8 jackals
  6 quokkas
  5 bats
  4 frilled lizards
  5 kobolds
  5 rats
81 creatures vanquished.

Vanquished Creatures (others)
  An adder (D:5)
  3 fulminant prisms
4 creatures vanquished.

Grand Total: 85 creatures vanquished

Notes
Turn   | Place    | Note
-------+----------+-------------------------------------------
     0 | D:1      | Ladykiller69 the Deep Elf Conjurer began the quest for the Orb.
     0 | D:1      | Reached XP level 1. HP: 10/10 MP: 6/6
   262 | D:1      | Reached XP level 2. HP: 15/15 MP: 2/8
  1061 | D:1      | Learned a level 2 spell: Searing Ray
  1083 | D:1      | Reached XP level 3. HP: 19/19 MP: 4/9
  1406 | D:2      | Learned a level 3 spell: Dazzling Spray
  1644 | D:2      | Reached skill level 5 in Conjurations
  1886 | D:2      | Reached skill level 1 in Hexes
  2156 | D:2      | Reached XP level 4. HP: 24/24 MP: 9/11
  2206 | D:2      | Learned a level 4 spell: Fulminant Prism
  2329 | D:3      | Found a basalt altar of Yredelemnul.
  2788 | D:3      | Reached XP level 5. HP: 28/28 MP: 5/13
  3260 | D:4      | Reached skill level 5 in Spellcasting
  3274 | D:5      | Entered Level 5 of the Dungeon
  3437 | D:5      | Learned a level 4 spell: Iskenderun's Mystic Blast
  3457 | D:5      | Noticed a sky beast
  3463 | D:5      | Noticed Ladykiller69's ghost (amateur DEVM)
  3464 | D:5      | Killed a sky beast
  3464 | D:5      | Reached skill level 6 in Conjurations
  3464 | D:5      | Reached XP level 6. HP: 32/32 MP: 6/15
  3734 | D:5      | Found Woasmauw's Antique Armour Boutique.
  3848 | D:5      | Found a white marble altar of Elyvilon.
  3852 | D:5      | Noticed Ijyb
  3904 | D:5      | Killed from afar by an orc wizard

Skill      XL: |  1  2  3  4  5 |
---------------+----------------+-----
Stealth        | 3 |  3.0
Dodging        | 3 4 |  4.6
Conjurations   | 5 6 |  6.7
Hexes          | 1 2 |  2.7
Spellcasting   | 4 5 |  5.5

Action                   |  1- 3 |  4- 6 || total
-------------------------+-------+-------++-------
 Cast: Magic Dart        |    95 |   139 ||   234
       Dazzling Spray    |       |     9 ||     9
       Fulminant Prism   |       |     3 ||     3
  Use: Scroll            |       |     2 ||     2
  Eat: Chunk             |     4 |     4 ||     8
Armor: Robe              |       |     2 ||     2
Dodge: Dodged            |     5 |    27 ||    32
